Map: Odyssey LE

Players

Juxtapose - Winner!

  • Race: Terran Terran
  • Spawn Location: 5:00

A.I. 1 (Elite)

  • Race: Terran Terran
  • Spawn Location: 11:00

VOD

https://youtu.be/V2ocRPc0VlE

Description

I didn't know the AI could harass like that, and its early Banshees took me by surprise.

Granted a human opponent would have hit me faster and harder, but this was still a good play and will have me looking to protect against such things from the Elite AI from now on.

The rest of the match was fun with some good back and forth; I actually found it rather hectic.

Time

  • Played on: July 9, 2017, 4:22 p.m.
  • Length: 14:36
Show
View Real Time Build Order
Export as new Build Order

Juxtapose Terran - Winner!

Build Orders:  

Get SALT Encoding   

  12  0:01  SCV  
  13  0:13  SCV  
  14  0:21  Supply Depot  
  14  0:25  SCV  
  15  0:43  SCV  
  15  0:45  Barracks  
  16  0:55  SCV  
  17  0:59  Supply Depot  
  17  1:07  SCV  
  17  1:09  Refinery  
  18  1:19  SCV  
  19  1:31  SCV  
  20  1:45  Orbital Command  
  20  1:46  Refinery  
  20  2:08  Barracks Reactor  
  20  2:17  SCV  
  21  2:29  SCV  
  22  2:34  Barracks  
  22  2:38  Command Center  
  22  2:44  SCV  
  22  2:51  Marine x2  
  23  2:56  SCV  
  26  2:59  Engineering Bay  
  26  3:05  Factory  
  26  3:08  SCV  
  27  3:13  Marine  
  28  3:20  SCV  
  28  3:25  Barracks Tech Lab  
  29  3:27  Terran Infantry Weapons Level 1  
  29  3:29  Marine  
  29  3:30  Marine  
  31  3:43  Supply Depot  
  31  3:49  Marine  
  31  3:50  SCV, Combat Shields  
  31  3:52  Factory Tech Lab  
  33  3:57  Starport  
  33  4:04  Orbital Command  
  33  4:05  Supply Depot  
  33  4:15  Marine x2  
  35  4:17  Siege Tank  
  38  4:25  Orbital Command  
  38  4:30  Supply Depot  
  38  4:36  Marine x2  
  38  4:37  Barracks  
  40  4:49  Marauder  
  42  4:53  Siege Tank  
  42  4:54  Marine x2  
  48  5:00  SCV  
  48  5:06  SCV  
  49  5:10  Starport Tech Lab, Marauder  
  49  5:12  SCV  
  49  5:13  Marine x2  
  54  5:18  SCV  
  55  5:23  Terran Infantry Armor Level 1  
  55  5:31  Armory, Marauder  
  57  5:49  Missile Turret  
  57  5:51  Missile Turret  
  57  5:55  Marine x4  
  61  6:07  Missile Turret  
  61  6:08  SCV  
  60  6:13  Marine x2  
  61  6:20  SCV, Supply Depot  
  62  6:28  SCV  
  62  6:32  SCV  
  64  6:41  SCV  
  64  6:43  Supply Depot  
  64  6:44  SCV  
  64  6:46  Viking  
  68  6:51  Barracks Reactor  
  68  6:52  Marine, Marauder  
  68  6:53  SCV, Marine  
  73  7:10  Marine  
  74  7:16  Viking  
  74  7:17  Marine x2  
  78  7:26  Terran Vehicle Weapons Level 1  
  78  7:28  Marine  
  79  7:39  SCV x2  
  81  7:46  Medivac  
  81  7:48  Command Center  
  81  7:49  Marine x2  
  81  7:51  SCV  
  86  7:59  Supply Depot  
  86  8:16  Concussive Shells  
  86  8:20  Medivac  
  86  8:21  Siege Tank, Marauder  
  86  8:22  Supply Depot  
  93  8:47  Supply Depot  
  93  8:50  Medivac  
  93  8:53  Siege Tank  
  91  9:02  Marine x2  
  91  9:03  Marine x3  
  91  9:09  Supply Depot  
  94  9:20  Marine  
  94  9:21  Marauder  
  94  9:24  Orbital Command  
  97  9:25  Siege Tank  
  97  9:26  SCV x2  
  102  9:38  SCV x2  
  102  9:43  Refinery, Marauder  
  106  9:45  Refinery  
  106  9:46  Marine x4  
  108  10:03  Marine  
  108  10:04  Marine x4  
  108  10:06  Medivac  
  74  10:21  Marine  
  74  10:22  Marine x2  
  75  10:36  Medivac  
  75  10:40  Marine x3  
  75  10:41  Marine x2  
  82  10:56  SCV  
  83  10:57  Marine  
  83  10:59  Refinery, Marauder  
  83  11:01  Refinery  
  86  11:06  Medivac  
  86  11:08  SCV  
  86  11:10  Marine  
  86  11:11  Marine x2  
  88  11:15  Marine  
  89  11:20  Marauder  
  89  11:23  Starport  
  91  11:26  Terran Vehicle Weapons Level 2  
  91  11:27  Terran Infantry Weapons Level 2  
  91  11:34  Siege Tank  
  91  11:35  Raven  
  91  11:37  Marine x4  
  100  11:41  Marine  
  101  11:54  Marine  
  101  11:55  Marine x2  
  102  12:05  Marine x2, Liberator, Barracks  
  104  12:12  Marine x2  
  104  12:13  Marine  
  107  12:23  Marine x2  
  107  12:25  Siege Tank  
  115  12:30  Marine x3  
  118  12:41  Marauder  
  120  12:45  Marine  
  120  12:48  Marine x3  
  117  12:57  Siege Tank  
  113  13:03  Marauder  
  115  13:05  Medivac  
  115  13:32  Marine x5, Missile Turret  
  120  13:35  Siege Tank, Medivac  
  115  13:50  Marine x2  
  115  13:51  Marauder  
  119  13:56  Barracks Tech Lab  
  119  13:57  Starport Tech Lab  
  119  14:05  Medivac  
  124  14:12  Marauder  
  124  14:13  Marine x2  
  124  14:14  Marine x3  
Show
View Real Time Build Order
Export as new Build Order

A.I. 1 (Elite) Terran 

Build Orders: 1/1/1, Bio Tank, Banshee Rush 

Get SALT Encoding   

  12  0:00  SCV  
  13  0:13  SCV  
  14  0:18  Supply Depot  
  14  0:25  SCV  
  15  0:30  Refinery  
  15  0:39  SCV  
  16  0:48  Barracks  
  16  0:51  SCV  
  17  0:57  Refinery  
  17  1:03  SCV  
  18  1:15  SCV  
  19  1:35  Orbital Command  
  19  1:39  Marine, Factory  
  20  1:57  Marine  
  20  2:00  Supply Depot, SCV  
  22  2:24  SCV, Starport  
  22  2:27  Starport  
  23  2:36  SCV  
  24  2:41  Supply Depot  
  24  2:48  SCV  
  25  3:01  Starport Tech Lab  
  25  3:04  Starport Tech Lab  
  25  3:16  SCV  
  25  3:19  Cloaking Field, Marine  
  27  3:20  Banshee  
  27  3:22  Banshee  
  33  3:27  Supply Depot  
  33  3:28  SCV  
  34  3:37  Marine  
  34  3:41  SCV  
  36  3:53  SCV  
  36  3:55  Marine  
  38  4:03  Banshee  
  38  4:05  Factory Tech Lab, Barracks, Banshee  
  44  4:26  Command Center  
  44  4:33  Supply Depot  
  44  4:34  Marine  
  45  4:52  Marine, Barracks Reactor  
  46  5:01  Supply Depot  
  46  5:08  Barracks  
  46  5:11  Barracks Tech Lab  
  46  5:13  Medivac  
  48  5:18  Medivac  
  50  5:28  Marine x2  
  52  5:29  Marine, Stimpack  
  53  5:37  Supply Depot  
  53  5:38  SCV  
  53  5:40  SCV  
  55  5:46  Marine x2  
  55  5:47  Marauder  
  59  5:50  SCV  
  59  5:54  SCV  
  61  5:58  Marine  
  61  6:03  SCV, Marine  
  64  6:06  SCV  
  64  6:08  Marauder  
  67  6:14  Siege Tank  
  67  6:15  SCV  
  67  6:18  SCV  
  72  6:27  SCV  
  72  6:30  SCV, Marauder  
  76  6:33  Supply Depot  
  76  6:39  SCV  
  77  6:42  SCV  
  77  6:46  Siege Tank  
  81  6:48  Refinery  
  81  6:51  SCV, Marauder  
  84  6:55  SCV, Refinery  
  84  6:57  Supply Depot  
  85  7:03  SCV  
  85  7:07  SCV  
  87  7:13  Marauder  
  87  7:15  SCV  
  84  7:18  Siege Tank  
  84  7:19  SCV  
  84  7:22  Supply Depot  
  88  7:27  SCV  
  89  7:31  SCV, Combat Shields  
  89  7:34  Marauder  
  89  7:36  Command Center  
  92  7:39  SCV  
  93  7:50  SCV, Siege Tank  
  97  7:55  Supply Depot, Marauder  
  99  8:01  Engineering Bay  
  99  8:13  Engineering Bay  
  99  8:14  Marine, Barracks Tech Lab  
  99  8:16  Marine  
  99  8:17  Marauder  
  103  8:23  Siege Tank  
  106  8:27  Supply Depot  
  106  8:29  Terran Infantry Weapons Level 1  
  106  8:30  Orbital Command  
  106  8:31  Concussive Shells  
  106  8:32  Marauder  
  108  8:38  Missile Turret, Marauder  
  108  8:39  Terran Infantry Armor Level 1  
  110  8:45  Missile Turret  
  110  8:48  SCV  
  110  8:49  SCV  
  110  8:54  Marine x2, Marauder  
  100  8:59  Marine  
  100  9:00  SCV  
  100  9:01  SCV  
  90  9:03  SCV  
  87  9:11  Siege Tank  
  87  9:12  Marine x2  
  87  9:13  SCV x2  
  87  9:15  SCV, Marine  
  96  9:17  Marine  
  97  9:25  SCV x2  
  97  9:27  SCV  
  97  9:30  Marine  
  101  9:34  Marine  
  101  9:35  Viking  
  101  9:37  SCV, Marine  
  106  9:39  SCV  
  106  9:42  Viking  
  106  9:43  Siege Tank  
  112  9:47  Marine  
  112  9:52  Marine  
  113  9:54  Marine x2  
  113  9:59  Supply Depot  
  116  10:02  SCV  
  116  10:05  Medivac  
  116  10:06  Marauder  
  97  10:10  Marine  
  97  10:12  Marine, Viking  
  97  10:13  Marine  
  89  10:15  Siege Tank  
  89  10:17  Orbital Command  
  92  10:21  Missile Turret  
  92  10:24  Missile Turret  
  92  10:26  Marine, Barracks  
  82  10:29  Marine, Marauder  
  82  10:31  Marine  
  79  10:35  Medivac  
  79  10:42  Viking  
  83  10:44  Marine  
  83  10:47  Marine, Siege Tank  
  83  10:48  Liberator  
  83  10:49  Marine  
  84  10:50  Marauder  
  84  10:55  Liberator  
  84  10:57  Refinery  
  84  11:02  Refinery  
  84  11:03  Marauder  
  86  11:04  Missile Turret  
  86  11:05  Marine  
  86  11:06  Command Center  
  86  11:07  Marine  
  82  11:11  Marauder  
  82  11:12  Marine  
  85  11:19  Siege Tank  
  85  11:22  SCV  
  85  11:23  Marine x2  
  85  11:24  SCV  
  85  11:25  SCV, Marine  
  89  11:30  Marine  
  89  11:31  Liberator  
  92  11:33  Marauder  
  92  11:34  SCV  
  92  11:38  Factory  
  86  11:41  Marine x2  
  86  11:43  Marine  
  83  11:48  Marine  
  83  11:52  Infernal Pre-Igniter, Hellion  
  83  11:53  Marine  
  90  11:55  Medivac  
  90  11:58  Marine  
  90  11:59  Marine  
  90  12:00  Marine  
  92  12:06  Marine  
  91  12:12  Marauder  
  91  12:13  Siege Tank  
  93  12:16  Marine  
  93  12:17  Marine  
  93  12:18  Marine  
  93  12:21  Hellion  
  75  12:24  Marine  
  76  12:30  SCV  
  76  12:32  SCV  
  76  12:33  Marauder  
  76  12:35  SCV  
  76  12:36  Marauder  
  83  12:39  Factory  
  83  12:42  SCV, Hellion  
  83  12:43  Marine x3  
  89  12:45  Siege Tank  
  81  12:53  SCV  
  81  12:54  Marine  
  81  12:57  Marine  
  63  12:58  SCV  
  63  13:01  Marine x2  
  63  13:03  Marine  
  63  13:04  Hellion  
  62  13:05  SCV  
  62  13:10  SCV  
  58  13:12  Marauder  
  58  13:17  Siege Tank  
  58  13:25  Hellion  
  60  13:35  SCV  
  60  13:40  Marine  
  54  13:41  Marine  
  40  13:50  Command Center  
Tags
 
Composition
Bio Tank
Matchup
TvT
Opening
1/1/1
Race
Terran
Spawn Locations
Cross Positions
Strategy
Banshee Rush
Add a new tag
Caveats
  • Supply blocks, unpowered buildings, or Contaminate may cause inaccurate times.
  • Supply counts are checked every 10 seconds.